Workbook
Name Total_Area: OFFSET('[2]WALE Calc'!$O$4,1,0,COUNT('[2]WALE Calc'!$O4+'[2]WALE Calc'!$O4:$O800),1)
Name Total_Area: OFFSET('[3]WALE Calc'!$O$4,1,0,COUNT('[3]WALE Calc'!$O4+'[3]WALE Calc'!$O4:$O800),1)

Sheet FY20 Property Data Sheet
C1: FY20 Property Data Sheet As at 30 June 2020
B2: INVESTMENT PROPERTIES | C2: LOCATION | D2: OWNERSHIP | E2: NLA (SQM) | F2: MAJOR TENANTS | G2: VALUATION AT 30 JUNE 2020 | H2: LAST EXTERNAL VALUATION DATE | I2: CAPITALISATION RATE | J2: WALE (BY INCOME) | K2: OCCUPANCY | L2: NABERS RATING (ENERGY) | M2: NABERS RATING (WATER)
B3: Commercial Investment Properties
B4: Office | G4: $'000
B5: 51 Allara Street | C5: Canberra, ACT | D5: 1 | E5: {=INDEX([1]!GLA_3[Building G L A],MATCH('FY20 Property Data Sheet'!$B5,[1]!GLA_3[Building Name],0),0)} -> 12417 | F5: Campaign Monitor, Zabulon & HarperCollins | G5: {=INDEX('[1]Inv. Properties'!$J$8:$J$72,MATCH('FY20 Property Data Sheet'!$B5,'[1]Inv. Properties'!$B$8:$B$72,0),0)*1000} -> 57250000 | H5: {=INDEX('[1]Principal Portfolio'!$H$2:$H$20,MATCH('FY20 Property Data Sheet'!B5,'[1]Principal Portfolio'!$B$2:$B$20,0),0)} -> 43435 | I5: {=INDEX('[1]Principal Portfolio'!$G$2:$G$20,MATCH('FY20 Property Data Sheet'!B5,'[1]Principal Portfolio'!$B$2:$B$20,0),0)} -> 0.0775 | J5: {=INDEX([1]!GLA_3[WALE (S)],MATCH('FY20 Property Data Sheet'!$B5,[1]!GLA_3[Building Name],0),0)} -> 1.1810527 | K5: {=INDEX([1]!GLA_3[Occupancy],MATCH('FY20 Property Data Sheet'!$B5,[1]!GLA_3[Building Name],0),0)} -> 1 | L5: 4 | M5: 1
B6: 11 Bowden Street | C6: Alexandria, NSW | D6: 1 | E6: {=INDEX([1]!GLA_3[Building G L A],MATCH('FY20 Property Data Sheet'!$B6,[1]!GLA_3[Building Name],0),0)} -> 5722.6 | F6: William Angliss Institute / APG & Co | G6: {=INDEX('[1]Inv. Properties'!$J$8:$J$72,MATCH('FY20 Property Data Sheet'!$B6,'[1]Inv. Properties'!$B$8:$B$72,0),0)*1000} -> 55500000 | H6: {=INDEX('[1]Principal Portfolio'!$H$2:$H$20,MATCH('FY20 Property Data Sheet'!B6,'[1]Principal Portfolio'!$B$2:$B$20,0),0)} -> 43800 | I6: {=INDEX('[1]Principal Portfolio'!$G$2:$G$20,MATCH('FY20 Property Data Sheet'!B6,'[1]Principal Portfolio'!$B$2:$B$20,0),0)} -> 0.055 | J6: {=INDEX([1]!GLA_3[WALE (S)],MATCH('FY20 Property Data Sheet'!$B6,[1]!GLA_3[Building Name],0),0)} -> 3.7384946 | K6: {=INDEX([1]!GLA_3[Occupancy],MATCH('FY20 Property Data Sheet'!$B6,[1]!GLA_3[Building Name],0),0)} -> 0.92270996 | L6: 5 | M6: 4.5
B7: 99 Walker Street | C7: North Sydney, NSW | D7: 1 | E7: {=INDEX([1]!GLA_3[Building G L A],MATCH('FY20 Property Data Sheet'!$B7,[1]!GLA_3[Building Name],0),0)} -> 19295.4 | F7: Jemena, GE Capital & Coles | G7: {=INDEX('[1]Inv. Properties'!$J$8:$J$72,MATCH('FY20 Property Data Sheet'!$B7,'[1]Inv. Properties'!$B$8:$B$72,0),0)*1000} -> 305000000 | H7: {=INDEX('[1]Principal Portfolio'!$H$2:$H$20,MATCH('FY20 Property Data Sheet'!B7,'[1]Principal Portfolio'!$B$2:$B$20,0),0)} -> 43800 | I7: {=INDEX('[1]Principal Portfolio'!$G$2:$G$20,MATCH('FY20 Property Data Sheet'!B7,'[1]Principal Portfolio'!$B$2:$B$20,0),0)} -> 0.05 | J7: {=INDEX([1]!GLA_3[WALE (S)],MATCH('FY20 Property Data Sheet'!$B7,[1]!GLA_3[Building Name],0),0)} -> 6.0293984 | K7: {=INDEX([1]!GLA_3[Occupancy],MATCH('FY20 Property Data Sheet'!$B7,[1]!GLA_3[Building Name],0),0)} -> 0.97719664 | L7: 5 | M7: 4.5
B8: 201 Elizabeth Street | C8: Sydney, NSW | D8: 0.24 | E8: {=INDEX([1]!GLA_3[Building G L A],MATCH('FY20 Property Data Sheet'!$B8,[1]!GLA_3[Building Name],0),0)} -> 38645.1 | F8: OneSteel Reinforcing, | G8: {=INDEX('[1]Inv. Properties'!$J$8:$J$72,MATCH('FY20 Property Data Sheet'!$B8,'[1]Inv. Properties'!$B$8:$B$72,0),0)*1000} -> 151200000 | H8: {=INDEX('[1]Principal Portfolio'!$H$2:$H$20,MATCH('FY20 Property Data Sheet'!B8,'[1]Principal Portfolio'!$B$2:$B$20,0),0)} -> 43983 | I8: {=INDEX('[1]Principal Portfolio'!$G$2:$G$20,MATCH('FY20 Property Data Sheet'!B8,'[1]Principal Portfolio'!$B$2:$B$20,0),0)} -> 0.05 | J8: {=INDEX([1]!GLA_3[WALE (S)],MATCH('FY20 Property Data Sheet'!$B8,[1]!GLA_3[Building Name],0),0)} -> 1.6587699 | K8: {=INDEX([1]!GLA_3[Occupancy],MATCH('FY20 Property Data Sheet'!$B8,[1]!GLA_3[Building Name],0),0)} -> 0.92000279 | L8: 4.5 | M8: 3.5
B9: 14 Martin Place | C9: Sydney, NSW | D9: 0.5 | E9: {=INDEX([1]!GLA_3[Building G L A],MATCH('FY20 Property Data Sheet'!$B9,[1]!GLA_3[Building Name],0),0)} -> 14558.8 | F9: World Bank, NGS Super and Long Chim | G9: {=INDEX('[1]Inv. Properties'!$J$8:$J$72,MATCH('FY20 Property Data Sheet'!$B9,'[1]Inv. Properties'!$B$8:$B$72,0),0)*1000} -> 1.165e+08 | H9: {=INDEX('[1]Principal Portfolio'!$H$2:$H$20,MATCH('FY20 Property Data Sheet'!B9,'[1]Principal Portfolio'!$B$2:$B$20,0),0)} -> 43983 | I9: {=INDEX('[1]Principal Portfolio'!$G$2:$G$20,MATCH('FY20 Property Data Sheet'!B9,'[1]Principal Portfolio'!$B$2:$B$20,0),0)} -> 0.04875 | J9: {=INDEX([1]!GLA_3[WALE (S)],MATCH('FY20 Property Data Sheet'!$B9,[1]!GLA_3[Building Name],0),0)} -> 3.7073777 | K9: {=INDEX([1]!GLA_3[Occupancy],MATCH('FY20 Property Data Sheet'!$B9,[1]!GLA_3[Building Name],0),0)} -> 0.90608978 | L9: 4 | M9: 2.5
B10: 324 Queen Street | C10: Brisbane, QLD | D10: 0.5 | E10: {=INDEX([1]!GLA_3[Building G L A],MATCH('FY20 Property Data Sheet'!$B10,[1]!GLA_3[Building Name],0),0)} -> 19348 | F10: Allianz, ANZ & Brookfield Multiplex | G10: {=INDEX('[1]Inv. Properties'!$J$8:$J$72,MATCH('FY20 Property Data Sheet'!$B10,'[1]Inv. Properties'!$B$8:$B$72,0),0)*1000} -> 79000000 | H10: {=INDEX('[1]Principal Portfolio'!$H$2:$H$20,MATCH('FY20 Property Data Sheet'!B10,'[1]Principal Portfolio'!$B$2:$B$20,0),0)} -> 43983 | I10: {=INDEX('[1]Principal Portfolio'!$G$2:$G$20,MATCH('FY20 Property Data Sheet'!B10,'[1]Principal Portfolio'!$B$2:$B$20,0),0)} -> 0.06 | J10: {=INDEX([1]!GLA_3[WALE (S)],MATCH('FY20 Property Data Sheet'!$B10,[1]!GLA_3[Building Name],0),0)} -> 3.3221241 | K10: {=INDEX([1]!GLA_3[Occupancy],MATCH('FY20 Property Data Sheet'!$B10,[1]!GLA_3[Building Name],0),0)} -> 0.93668596 | L10: 3.5 | M10: 3.5
B11: 2 King Street | C11: Fortitude Valley, QLD | D11: 0.5 | E11: {=INDEX([1]!GLA_3[Building G L A],MATCH('FY20 Property Data Sheet'!$B11,[1]!GLA_3[Building Name],0),0)} -> 16377 | F11: Lend Lease & SMEC | G11: {=INDEX('[1]Inv. Properties'!$J$8:$J$72,MATCH('FY20 Property Data Sheet'!$B11,'[1]Inv. Properties'!$B$8:$B$72,0),0)*1000} -> 80500000 | H11: {=INDEX('[1]Principal Portfolio'!$H$2:$H$20,MATCH('FY20 Property Data Sheet'!B11,'[1]Principal Portfolio'!$B$2:$B$20,0),0)} -> 43800 | I11: {=INDEX('[1]Principal Portfolio'!$G$2:$G$20,MATCH('FY20 Property Data Sheet'!B11,'[1]Principal Portfolio'!$B$2:$B$20,0),0)} -> 0.0575 | J11: {=INDEX([1]!GLA_3[WALE (S)],MATCH('FY20 Property Data Sheet'!$B11,[1]!GLA_3[Building Name],0),0)} -> 4.8991893 | K11: {=INDEX([1]!GLA_3[Occupancy],MATCH('FY20 Property Data Sheet'!$B11,[1]!GLA_3[Building Name],0),0)} -> 0.83776027 | L11: 6 | M11: 4.5
B12: Westpac House | C12: Adelaide, SA | D12: 0.5 | E12: {=INDEX([1]!GLA_3[Building G L A],MATCH('FY20 Property Data Sheet'!$B12,[1]!GLA_3[Building Name],0),0)} -> 31428.6 | F12: Westpac, HWL Ebsworth & SA Government | G12: {=INDEX('[1]Inv. Properties'!$J$8:$J$72,MATCH('FY20 Property Data Sheet'!$B12,'[1]Inv. Properties'!$B$8:$B$72,0),0)*1000} -> 78750000 | H12: {=INDEX('[1]Principal Portfolio'!$H$2:$H$20,MATCH('FY20 Property Data Sheet'!B12,'[1]Principal Portfolio'!$B$2:$B$20,0),0)} -> 43617 | I12: {=INDEX('[1]Principal Portfolio'!$G$2:$G$20,MATCH('FY20 Property Data Sheet'!B12,'[1]Principal Portfolio'!$B$2:$B$20,0),0)} -> 0.0675 | J12: {=INDEX([1]!GLA_3[WALE (S)],MATCH('FY20 Property Data Sheet'!$B12,[1]!GLA_3[Building Name],0),0)} -> 2.4001486 | K12: {=INDEX([1]!GLA_3[Occupancy],MATCH('FY20 Property Data Sheet'!$B12,[1]!GLA_3[Building Name],0),0)} -> 0.77941684 | L12: 4.5 | M12: 3
B13: 452 Johnston Street | C13: Abbotsford, VIC | D13: 1 | E13: {=INDEX([1]!GLA_3[Building G L A],MATCH('FY20 Property Data Sheet'!$B13,[1]!GLA_3[Building Name],0),0)} -> 16577 | F13: Computershare | G13: {=INDEX('[1]Inv. Properties'!$J$8:$J$72,MATCH('FY20 Property Data Sheet'!$B13,'[1]Inv. Properties'!$B$8:$B$72,0),0)*1000} -> 102000000 | H13: {=INDEX('[1]Principal Portfolio'!$H$2:$H$20,MATCH('FY20 Property Data Sheet'!B13,'[1]Principal Portfolio'!$B$2:$B$20,0),0)} -> 43800 | I13: {=INDEX('[1]Principal Portfolio'!$G$2:$G$20,MATCH('FY20 Property Data Sheet'!B13,'[1]Principal Portfolio'!$B$2:$B$20,0),0)} -> 0.0575 | J13: {=INDEX([1]!GLA_3[WALE (S)],MATCH('FY20 Property Data Sheet'!$B13,[1]!GLA_3[Building Name],0),0)} -> 3.0958904 | K13: {=INDEX([1]!GLA_3[Occupancy],MATCH('FY20 Property Data Sheet'!$B13,[1]!GLA_3[Building Name],0),0)} -> 1 | L13: 4 | M13: 4
B14: 710 Collins Street | C14: Docklands, VIC | D14: 1 | E14: {=INDEX([1]!GLA_3[Building G L A],MATCH('FY20 Property Data Sheet'!$B14,[1]!GLA_3[Building Name],0),0)} -> 11320 | F14: Minister of Finance & Victorian Building Authority | G14: {=INDEX('[1]Inv. Properties'!$J$8:$J$72,MATCH('FY20 Property Data Sheet'!$B14,'[1]Inv. Properties'!$B$8:$B$72,0),0)*1000} -> 112000000 | H14: {=INDEX('[1]Principal Portfolio'!$H$2:$H$20,MATCH('FY20 Property Data Sheet'!B14,'[1]Principal Portfolio'!$B$2:$B$20,0),0)} -> 43983 | I14: {=INDEX('[1]Principal Portfolio'!$G$2:$G$20,MATCH('FY20 Property Data Sheet'!B14,'[1]Principal Portfolio'!$B$2:$B$20,0),0)} -> 0.0525 | J14: {=INDEX([1]!GLA_3[WALE (S)],MATCH('FY20 Property Data Sheet'!$B14,[1]!GLA_3[Building Name],0),0)} -> 4.0857033 | K14: {=INDEX([1]!GLA_3[Occupancy],MATCH('FY20 Property Data Sheet'!$B14,[1]!GLA_3[Building Name],0),0)} -> 1 | L14: 5 | M14: 3.5
B15: 464 St Kilda Road | C15: St Kilda, VIC | D15: 0.5 | E15: {=INDEX([1]!GLA_3[Building G L A],MATCH('FY20 Property Data Sheet'!$B15,[1]!GLA_3[Building Name],0),0)} -> 13826.7 | F15: VACC, Macquarie Leasing & Toll Transport | G15: {=INDEX('[1]Inv. Properties'!$J$8:$J$72,MATCH('FY20 Property Data Sheet'!$B15,'[1]Inv. Properties'!$B$8:$B$72,0),0)*1000} -> 50000000 | H15: {=INDEX('[1]Principal Portfolio'!$H$2:$H$20,MATCH('FY20 Property Data Sheet'!B15,'[1]Principal Portfolio'!$B$2:$B$20,0),0)} -> 43983 | I15: {=INDEX('[1]Principal Portfolio'!$G$2:$G$20,MATCH('FY20 Property Data Sheet'!B15,'[1]Principal Portfolio'!$B$2:$B$20,0),0)} -> 0.0525 | J15: {=INDEX([1]!GLA_3[WALE (S)],MATCH('FY20 Property Data Sheet'!$B15,[1]!GLA_3[Building Name],0),0)} -> 0.88251667 | K15: {=INDEX([1]!GLA_3[Occupancy],MATCH('FY20 Property Data Sheet'!$B15,[1]!GLA_3[Building Name],0),0)} -> 0.87234843 | L15: 3.5 | M15: 2.5
B16: Other Office (10 assets) | D16: 50%-100% | G16: =+'[1]Inv. Properties'!D183*1000-SUM(G5:G15) -> 2.2685674e+08 | I16: 0.0631
B17: Total Office | G17: =SUM(G5:G16) -> 1.4145567e+09 | I17: 0.0561
B18: Other (Retail and Industrial)
B19: Ashfield Mall | C19: Ashfield, NSW | D19: 0.5 | E19: {=INDEX([1]!GLA_3[Building G L A],MATCH('FY20 Property Data Sheet'!$B19,[1]!GLA_3[Building Name],0),0)} -> 24976.23 | F19: Woolworths, Coles, Kmart & Aldi | G19: {=INDEX('[1]Inv. Properties'!$J$8:$J$72,MATCH('FY20 Property Data Sheet'!$B19,'[1]Inv. Properties'!$B$8:$B$72,0),0)*1000} -> 96250000 | H19: {=INDEX('[1]Principal Portfolio'!$H$2:$H$20,MATCH('FY20 Property Data Sheet'!B19,'[1]Principal Portfolio'!$B$2:$B$20,0),0)} -> 43800 | I19: {=INDEX('[1]Inv. Properties'!$I$8:$I$72,MATCH('FY20 Property Data Sheet'!$B19,'[1]Inv. Properties'!$B$8:$B$72,0),0)} -> 0.0575 | J19: {=INDEX([1]!GLA_3[WALE (S)],MATCH('FY20 Property Data Sheet'!$B19,[1]!GLA_3[Building Name],0),0)} -> 3.6020285 | K19: {=INDEX([1]!GLA_3[Occupancy],MATCH('FY20 Property Data Sheet'!$B19,[1]!GLA_3[Building Name],0),0)} -> 0.98645112 | L19: 3 | M19: 2
B20: Lutwyche City Shopping Centre | C20: Brisbane, QLD | D20: 0.5 | E20: {=INDEX([1]!GLA_3[Building G L A],MATCH('FY20 Property Data Sheet'!$B20,[1]!GLA_3[Building Name],0),0)} -> 23494 | F20: Coles & Aldi | G20: {=INDEX('[1]Inv. Properties'!$J$8:$J$72,MATCH('FY20 Property Data Sheet'!$B20,'[1]Inv. Properties'!$B$8:$B$72,0),0)*1000} -> 69341350 | H20: {=INDEX('[1]Principal Portfolio'!$H$2:$H$20,MATCH('FY20 Property Data Sheet'!B20,'[1]Principal Portfolio'!$B$2:$B$20,0),0)} -> 43983 | I20: {=INDEX('[1]Inv. Properties'!$I$8:$I$72,MATCH('FY20 Property Data Sheet'!$B20,'[1]Inv. Properties'!$B$8:$B$72,0),0)} -> 0.06 | J20: {=INDEX([1]!GLA_3[WALE (S)],MATCH('FY20 Property Data Sheet'!$B20,[1]!GLA_3[Building Name],0),0)} -> 7.0026885 | K20: {=INDEX([1]!GLA_3[Occupancy],MATCH('FY20 Property Data Sheet'!$B20,[1]!GLA_3[Building Name],0),0)} -> 0.85617604 | L20: N/A | M20: N/A
B21: Other properties (3 assets) | D21: 1 | G21: =+('[1]Inv. Properties'!D182+'[1]Inv. Properties'!D185)*1000-SUM(G19:G20) -> 32100276 | I21: 0.065
B22: Total Other (Retail and Industrial) | G22: =+SUM(G19:G21) -> 1.9769163e+08 | I22: 0.0596
B24: TOTAL COMMERCIAL INVESTMENT PROPERTIES | G24: =+G22+G17 -> 1.6122484e+09
B26: Self Storage Investment Properties
E27: NUMBER OF PROPERTIES
B28: State | D28: $'000 | G28: % PER STATE
B29: ACT | D29: {=INDEX('[1]Inv. Properties'!$D$221:$D$230,MATCH('FY20 Property Data Sheet'!$B29,'[1]Inv. Properties'!$B$221:$B$230,0),0)} -> 152849.19 | E29: {=INDEX('[1]Inv. Properties'!$E$221:$E$230,MATCH('FY20 Property Data Sheet'!$B29,'[1]Inv. Properties'!$B$221:$B$230,0),0)} -> 8 | G29: {=INDEX('[1]Inv. Properties'!$J$221:$J$230,MATCH('FY20 Property Data Sheet'!$B29,'[1]Inv. Properties'!$B$221:$B$230,0),0)} -> 0.14687589
B30: NSW | D30: {=INDEX('[1]Inv. Properties'!$D$221:$D$230,MATCH('FY20 Property Data Sheet'!$B30,'[1]Inv. Properties'!$B$221:$B$230,0),0)} -> 258666.42 | E30: {=INDEX('[1]Inv. Properties'!$E$221:$E$230,MATCH('FY20 Property Data Sheet'!$B30,'[1]Inv. Properties'!$B$221:$B$230,0),0)} -> 20 | G30: {=INDEX('[1]Inv. Properties'!$J$221:$J$230,MATCH('FY20 Property Data Sheet'!$B30,'[1]Inv. Properties'!$B$221:$B$230,0),0)} -> 0.24855783
B31: QLD | D31: {=INDEX('[1]Inv. Properties'!$D$221:$D$230,MATCH('FY20 Property Data Sheet'!$B31,'[1]Inv. Properties'!$B$221:$B$230,0),0)} -> 139011.33 | E31: {=INDEX('[1]Inv. Properties'!$E$221:$E$230,MATCH('FY20 Property Data Sheet'!$B31,'[1]Inv. Properties'!$B$221:$B$230,0),0)} -> 14 | G31: {=INDEX('[1]Inv. Properties'!$J$221:$J$230,MATCH('FY20 Property Data Sheet'!$B31,'[1]Inv. Properties'!$B$221:$B$230,0),0)} -> 0.13357882
B32: VIC | D32: {=INDEX('[1]Inv. Properties'!$D$221:$D$230,MATCH('FY20 Property Data Sheet'!$B32,'[1]Inv. Properties'!$B$221:$B$230,0),0)} -> 216342.38 | E32: {=INDEX('[1]Inv. Properties'!$E$221:$E$230,MATCH('FY20 Property Data Sheet'!$B32,'[1]Inv. Properties'!$B$221:$B$230,0),0)} -> 19 | G32: {=INDEX('[1]Inv. Properties'!$J$221:$J$230,MATCH('FY20 Property Data Sheet'!$B32,'[1]Inv. Properties'!$B$221:$B$230,0),0)} -> 0.20788779
B33: WA | D33: {=INDEX('[1]Inv. Properties'!$D$221:$D$230,MATCH('FY20 Property Data Sheet'!$B33,'[1]Inv. Properties'!$B$221:$B$230,0),0)} -> 57519.032 | E33: {=INDEX('[1]Inv. Properties'!$E$221:$E$230,MATCH('FY20 Property Data Sheet'!$B33,'[1]Inv. Properties'!$B$221:$B$230,0),0)} -> 5 | G33: {=INDEX('[1]Inv. Properties'!$J$221:$J$230,MATCH('FY20 Property Data Sheet'!$B33,'[1]Inv. Properties'!$B$221:$B$230,0),0)} -> 0.055271207
B34: NZ | D34: {=INDEX('[1]Inv. Properties'!$D$221:$D$230,MATCH('FY20 Property Data Sheet'!$B34,'[1]Inv. Properties'!$B$221:$B$230,0),0)} -> 216280.64 | E34: {=INDEX('[1]Inv. Properties'!$E$221:$E$230,MATCH('FY20 Property Data Sheet'!$B34,'[1]Inv. Properties'!$B$221:$B$230,0),0)} -> 15 | G34: {=INDEX('[1]Inv. Properties'!$J$221:$J$230,MATCH('FY20 Property Data Sheet'!$B34,'[1]Inv. Properties'!$B$221:$B$230,0),0)} -> 0.20782847
B35: TOTAL SELF STORAGE INVESTMENT PROPERTIES | D35: =SUM(D29:D34) -> 1040669 | E35: =SUM(E29:E34) -> 81 | G35: =SUM(G29:G34) -> 1
